AoeStats
← Barnar

Arena

506937825Analyzed
2v2 RM · 17d ago on Sep 15, 2026· 91m 24s· 4 players
Game mode
Random Map
Map size
Medium (4 player)
Population
200
Speed
Normal
Resources
Standard
Victory
Conquest
Starting age
Dark Age
Ending age
Imperial Age
RankedLock teamsTeams togetherTeam positionsShared explorationLock speedFull tech treeHidden civsTurbo modeCheats
Victory
Defeat
🇮🇹 Britons · Italy
891
+14
🇮🇹 Burgundians · Italy
883
+15
🇨🇱 Maya · Chile
858
-15
🇨🇱 Byzantines · Chile
856
-14
pupa9000
0:38 Loom
0:42 Loom
9:36 Feudal Age
11:06 Wheelbarrow
11:12 Double-Bit Axe
14:18 Horse Collar
18:16 Gold Mining
20:46 Castle Age
20:01 Forging
20:04 Stone Mining
21:04 Eagle Warrior
22:09 Bow Saw
22:27 Scale Mail Armor
22:46 Squires
24:03 Stone Shaft Mining
24:24 Heavy Plow
25:02 Town Watch
26:55 Fletching
27:06 Padded Archer Armor
28:05 Hand Cart
28:10 Bodkin Arrow
28:59 Ballistics
29:26 Thumb Ring
34:51 Imperial Age
34:03 Town Patrol
34:37 Chain Mail Armor
34:58 Iron Casting
36:06 Caravan
37:35 Holcans
37:16 Capped Ram
38:10 Elite Eagle Warrior
39:15 Murder Holes
40:45 Chemistry
41:18 Plate Mail Armor
42:10 Coinage
42:57 Two-Man Saw
43:03 Conscription
43:35 Elite Plumed Archer
47:06 Blast Furnace
46:07 Bracer
46:23 Leather Archer Armor
54:01 Ring Archer Armor
58:02 Heavy Scorpion
62:08 Siege Ram
65:03 Masonry
66:25 Crop Rotation
73:30 Architecture
72:40 Treadmill Crane
86:47 Hoardings
TomasorXD
6:59 Loom
9:54 Feudal Age
10:20 Double-Bit Axe
10:19 Horse Collar
11:28 Wheelbarrow
14:35 Gold Mining
21:49 Castle Age
19:59 Stone Mining
20:50 Padded Archer Armor
20:40 Fletching
21:02 Forging
22:35 Heavy Plow
22:48 Bow Saw
23:31 Hand Cart
25:20 Elite Skirmisher
26:09 Bodkin Arrow
26:30 Leather Archer Armor
34:52 Imperial Age
33:50 Treadmill Crane
35:47 Thumb Ring
36:47 Chemistry
36:07 Ballistics
36:21 Ring Archer Armor
35:52 Bracer
35:23 Capped Ram
37:19 Stone Shaft Mining
37:20 Gold Shaft Mining
37:47 Two-Man Saw
37:20 Crop Rotation
37:10 Fortified Wall
37:30 Conscription
38:55 Arrowslits
40:14 Hoardings
42:15 Caravan
41:48 Heavy Camel Rider
42:34 Husbandry
44:17 Scale Barding Armor
44:47 Iron Casting
46:30 Chain Barding Armor
62:37 Cavalier
63:58 Plate Barding Armor
63:26 Scale Mail Armor
64:49 Paladin
78:46 Siege Ram
80:16 Coinage
79:58 Guilds
80:17 Murder Holes
Barnar
11:50 Feudal Age
10:22 Double-Bit Axe
12:35 Stone Mining
13:51 Horse Collar
18:10 Castle Age
20:05 Wheelbarrow
22:19 Hand Cart
24:44 Bow Saw
24:28 Gold Mining
24:50 Heavy Plow
26:45 Gold Shaft Mining
29:38 Two-Man Saw
29:33 Forging
31:32 Burgundian Vineyards
32:35 Husbandry
33:14 Iron Casting
32:44 Scale Barding Armor
35:05 Chain Barding Armor
39:57 Imperial Age
37:53 Fletching
38:03 Padded Archer Armor
37:27 Elite Skirmisher
40:34 Caravan
42:57 Blast Furnace
42:33 Plate Barding Armor
41:53 Bodkin Arrow
42:14 Leather Archer Armor
41:46 Elite Coustillier
42:47 Conscription
48:53 Ballistics
49:34 Chemistry
48:45 Fortified Wall
48:46 Masonry
49:47 Bracer
56:45 Stone Shaft Mining
59:02 Squires
67:37 Hoardings
67:50 Hoardings
71:13 Crop Rotation
71:19 Architecture
71:11 Bombard Tower
70:38 Arrowslits
70:43 Guard Tower
70:50 Murder Holes
70:36 Treadmill Crane
EarthMovie2383
0:27 Loom
13:46 Feudal Age
16:11 Double-Bit Axe
17:06 Wheelbarrow
20:29 Castle Age
22:33 Hand Cart
22:44 Fletching
22:54 Padded Archer Armor
25:40 Imperial Age
24:19 Horse Collar
33:30 Bodkin Arrow
33:50 Leather Archer Armor
33:59 Ballistics
34:20 Bracer
34:36 Leather Archer Armor
38:39 Ring Archer Armor
37:54 Treadmill Crane
38:27 Masonry
38:08 Heated Shot
39:19 Chemistry
38:32 Fortified Wall
38:31 Siege Engineers
37:50 Elite Longbowman
38:33 Warwolf
40:37 Yeomen
43:22 Architecture
63:47 Caravan
87:06 Heavy Scorpion
88:50 Bow Saw
88:48 Heavy Plow
Connection lost

Rejoining the realm…

Still unreachable

The connection could not be restored.

Session expired

The server has moved on; the page needs a fresh start.